 Dungeon Crawl Stone Soup version 0.18.1-48-g4cf74bf (webtiles) character file.

248 tyranidshit the Skirmisher (level 5, 0/47 HPs)
             Began as a Demonspawn Abyssal Knight on Sept 8, 2016.
             Was a Priest of Lugonu.
             Succumbed to an orc's poison
             ... on level 4 of the Dungeon.
             The game lasted 00:08:42 (2022 turns).

tyranidshit the Skirmisher (DsAK)                   Turns: 2022, Time: 00:08:43

Health: 0/47       AC: 11    Str: 11    XL:     5   Next: 86%
Magic:  6/6        EV:  6    Int: 14    God:    Lugonu [***...]
Gold:   184        SH:  0    Dex: 12    Spells: 0 memorised, 4 levels left

rFire  . . .     SeeInvis .     a - +1 hand axe
rCold  . . .     Gourm    .     f - +0 chain mail
rNeg   . . .     Faith    .     (no shield)
rPois  .         Spirit   .     (helmet restricted)
rElec  .         Dismiss  .     m - +1 cloak
rCorr  .         Reflect  .     (no gloves)
SustAt +         Harm     .     k - +0 pair of boots
MR     .....                    (no amulet)
Stlth  ..........               (no ring)
                                l - ring of sustain attributes

@: lethally poisoned (0 -> -20), not resistant to hostile enchantments,
extremely unstealthy
A: horns 2, demonic guardian 1, weak 1, sturdy frame 1
a: Depart the Abyss, Bend Space, Banish, Renounce Religion


You were on level 4 of the Dungeon.
You worshipped Lugonu.
Lugonu was most pleased with you.
You were hungry.

You visited 1 branch of the dungeon, and saw 4 of its levels.
You visited the Abyss 1 time.

You collected 184 gold pieces.

Inventory:

Hand Weapons
 a - a +1 hand axe (weapon)
 h - a +0 blowgun
Missiles
 j - 24 poisoned needles
Armour
 b - a +0 leather armour
 f - a +0 chain mail (worn)
 k - a +0 pair of boots (worn)
 m - a +1 cloak (worn)
Jewellery
 l - a ring of sustain attributes (left hand)
 p - an uncursed ring of ice
Wands
 g - a wand of paralysis (14/24)
Scrolls
 c - 2 scrolls of magic mapping
 d - 2 scrolls of identify
 e - a scroll of enchant weapon
 i - 5 scrolls of remove curse
Comestibles
 o - 3 meat rations


   Skills:
 + Level 6.6 Fighting
 - Level 1.7 Axes
 - Level 1.7 Armour
 - Level 0.8 Dodging
 - Level 2.4 Invocations


You had 4 spell levels left.
You didn't know any spells.

Dungeon Overview and Level Annotations

Branches:
Dungeon (4/15)
 Temple: D:4-7

Altars:
Kikubaaqudgha
Okawaru
Sif Muna


Innate Abilities, Weirdness & Mutations

You have a pair of horns on your head.
A weak demonic guardian rushes to your aid.
You are weak. (Str -2)
Your movements are slightly less encumbered by armour (ER -2).


Message History

The orc is lightly wounded.
* * * LOW HITPOINT WARNING * * *
You feel very sick. The orc hits you but does no damage.
Your chain mail prevents you from hitting the orc.
You headbutt the orc.
The orc is moderately wounded.
* * * LOW HITPOINT WARNING * * *
You feel very sick. The orc hits you but does no damage.
You completely miss the orc. You headbutt the orc.
You kill the orc!
Lugonu accepts your kill.
* * * LOW HITPOINT WARNING * * *
You feel very sick.
* * * LOW HITPOINT WARNING * * *
You feel sick.
Things that are here:
a falchion; a leather armour; an orc corpse You die...

. .###.( # .....#. ..#..
..#### # #... ...######
##.####..# ##.)....#
#........# ##........
#........# #........(
#.#.##@)######.........
........).....#.........
##.#.##.).###...........
^. #.#....##.........
... #.####............
## #.# #####........ ..#
#......... ..#
#......... ..% .........


There were no monsters in sight!

Vanquished Creatures
  The ghost of tyranidshit the Skirmisher, a weakling DsAK of Lugonu (D:3)
  2 orc priests (D:3)
  An orc wizard (D:3)
  Robin (D:1)
  3 adders
  4 worms
  2 dart slugs (D:1)
  A giant gecko (D:1)
  7 orcs
  13 goblins
  8 hobgoblins
  7 bats
  5 giant newts
  6 kobolds
  6 rats
67 creatures vanquished.

Notes
Turn   | Place    | Note
--------------------------------------------------------------
     0 | Abyss:1  | tyranidshit the Demonspawn Abyssal Knight began the quest for the Orb.
     0 | Abyss:1  | Reached XP level 1. HP: 18/18 MP: 2/2
    38 | Abyss:1  | Found a corrupted altar of Lugonu.
    58 | Abyss:1  | Noticed a large abomination
    97 | Abyss:2  | Noticed a worldbinder
    98 | Abyss:2  | Noticed a jumping spider
    98 | Abyss:2  | Noticed a tarantella
    98 | Abyss:2  | Noticed a smoke demon
   101 | Abyss:2  | Noticed a spatial maelstrom
   101 | Abyss:2  | Noticed a tarantella
   101 | Abyss:2  | Noticed a jumping spider
   101 | Abyss:2  | Noticed a spatial vortex
   101 | D:1      | Escaped the Abyss
   131 | D:1      | Reached * piety under Lugonu
   181 | D:1      | Gained mutation: You have a pair of small horns on your head. [demonic ancestry]
   181 | D:1      | Reached XP level 2. HP: 15/24 MP: 3/3
   381 | D:1      | Reached skill level 4 in Fighting
   529 | D:2      | Found an iron altar of Okawaru.
   812 | D:2      | Reached XP level 3. HP: 30/30 MP: 4/4
   825 | D:2      | Noticed Robin
   830 | D:2      | Reached ** piety under Lugonu
   931 | D:2      | Found a faded altar to an unknown god.
  1125 | D:1      | Killed Robin
  1298 | D:2      | Reached XP level 4. HP: 26/38 MP: 5/5
  1312 | D:3      | Reached skill level 5 in Fighting
  1323 | D:3      | Noticed tyranidshit's ghost (weakling DsAK)
  1417 | D:3      | Gained mutation: A weak demonic guardian rushes to your aid. [demonic ancestry]
  1417 | D:3      | Reached XP level 5. HP: 23/46 MP: 6/6
  1495 | D:3      | Killed tyranidshit's ghost
  1495 | D:3      | Reached skill level 6 in Fighting
  1577 | D:3      | Found an ancient bone altar of Kikubaaqudgha.
  1646 | D:3      | Found a deep blue altar of Sif Muna.
  1934 | D:4      | Gained mutation: You are weak. (Str -2) [potion of mutation]
  1934 | D:4      | Gained mutation: You have a pair of horns on your head. [potion of mutation]
  1934 | D:4      | Gained mutation: Your movements are slightly less encumbered by armour (ER -2). [potion of mutation]
  2014 | D:4      | Reached *** piety under Lugonu
  2021 | D:4      | HP: 2/47 [poisoned by an orc]
  2022 | D:4      | Succumbed to an orc's poison

Skill      XL: |  1  2  3  4  5 |
---------------+----------------+-----
Fighting       | 4 5 6 |  6.6
Axes           | |  1.7
Armour         | |  1.7
Dodging        | |  0.8
Invocations    | |  2.4

Action                   |  1- 3 |  4- 6 || total
-------------------------+-------+-------++-------
Melee: Hand axe          |   105 |   110 ||   215
       Headbutt          |    16 |    26 ||    42
Invok: Depart the Abyss  |     1 |       ||     1
  Use: Scroll            |     7 |     1 ||     8
       Potion            |     4 |     6 ||    10
  Eat: Bread ration      |     1 |       ||     1
Armor: Chain mail        |    70 |    75 ||   145
       Leather armour    |     1 |       ||     1
Dodge: Dodged            |    36 |    52 ||    88
